 Dungeon Crawl Stone Soup version 0.29-a0-422-gafbd6decc1 (webtiles) character file.

Game seed: 13751630166740411663

531 quokkamancerX the Bolt Thrower (level 7, -4/50 HPs)
             Began as a Human Hunter on May 19, 2022.
             Was a Follower of Makhleb.
             Slain by a wyvern (9 damage)
             ... on level 5 of the Dungeon.
             The game lasted 00:21:32 (5468 turns).

quokkamancerX the Bolt Thrower (Human Hunter)       Turns: 5468, Time: 00:21:33

Health: -4/50      AC:  7    Str: 14    XL:     7   Next: 48%
Magic:  7/7        EV: 11    Int:  9    God:    Makhleb [*.....]
Gold:   227        SH:  3    Dex: 16    Spells: 6/6 levels left

rFire   . . .      SeeInvis .   a - +1 hand crossbow
rCold   . . .      Faith    .   h - +0 buckler
rNeg    + . .      Spirit   .   u - +0 leather armour
rPois   .          Reflect  .   r - +0 helmet
rElec   .          Harm     .   (no cloak)
rCorr   .          Rampage  .   z - +2 pair of gloves
Will    .....                   (no boots)
Stlth   +++.......              (no amulet)
HPRegen 0.16/turn               b - ring of positive energy
MPRegen 0.10/turn               (no ring)

@: no status effects
A: no striking features
a: Renounce Religion


You were on level 5 of the Dungeon.
You worshipped Makhleb.
Makhleb was aware of your devotion.
You visited 1 branch of the dungeon, and saw 5 of its levels.

You collected 227 gold pieces.

Inventory:

Hand Weapons
 a - a +1 hand crossbow (weapon)
Armour
 h - a +0 buckler (worn)
 r - a +0 helmet (worn)
 u - a +0 leather armour (worn)
 z - a +2 pair of gloves (worn)
Jewellery
 b - a ring of positive energy (left hand)
Wands
 y - a wand of polymorph (11)
Scrolls
 c - 2 scrolls of immolation
 f - a scroll of silence {unknown}
 g - 2 scrolls of poison
 n - a scroll of teleportation
 o - a scroll of brand weapon {unknown}
 p - 3 scrolls of blinking
 s - a scroll of noise {unknown}
 w - a scroll of amnesia
 x - a scroll of vulnerability {unknown}
Potions
 d - a potion of attraction {unknown}
 e - a potion of degeneration {unknown}
 i - 2 potions of mutation {unknown}
 j - a potion of berserk rage {unknown}
 k - 2 potions of curing {unknown}
 l - 3 potions of magic
 m - a potion of cancellation {unknown}
 q - 4 potions of heal wounds
 t - 2 potions of haste
 v - a potion of lignification {unknown}
 A - a potion of might {unknown}


   Skills:
 - Level 2.0 Fighting
 + Level 7.1 Crossbows
 - Level 2.0 Dodging
 - Level 5.0 Stealth


You had 6 spell levels left.
You didn't know any spells.
Your spell library contained the following spells:

 Spells                   Type           Power      Damage    Failure   Level
 Tukima's Dance           Hex            0%         N/A       91%         3
 Airstrike                Air            0%         N/A       100%        4
 Passage of Golubria      Tloc           0%         N/A       100%        4
 Summon Lightning Spire   Summ/Air       0%         N/A       100%        4
 Lightning Bolt           Conj/Air       0%         1d11      100%        5
 Silence                  Hex/Air        0%         N/A       100%        5
 Yara's Violent Unravell  Hex/Tmut       0%         3d3       100%        5
 Lehudib's Crystal Spear  Conj/Erth      0%         10d2      100%        8


Dungeon Overview and Level Annotations

Branches:
Dungeon (5/15)
 Temple: D:4-7

Altars:
Makhleb

Shops:
D:1 *

Annotations:
D:3 exclusion: ogre


Message History

The wyvern bites you but does no damage.
You shoot a bolt. The bolt barely misses the wyvern.
The wyvern bites you.
The wyvern bites you but does no damage.
You shoot a bolt. The bolt closely misses the wyvern.
The wyvern barely misses you.
The wyvern bites you but does no damage.
You shoot a bolt. The bolt hits the wyvern.
The wyvern is heavily wounded.
You block the wyvern's attack. The wyvern closely misses you.
You shoot a bolt. The bolt hits the wyvern!
The wyvern is almost dead.
The wyvern bites you! The wyvern closely misses you.
You are too injured to fight recklessly!
Shoot: a) +1 hand crossbow
Press: ? - help, Q - select action, (/) - cycle Shift-Dir - straight line, f/p - wyvern
Aim: a wyvern (almost dead, 66% to hit)
You shoot a bolt. The bolt completely misses the wyvern.
The wyvern hisses menacingly.
The wyvern bites you. The wyvern misses you.
Shoot: a) +1 hand crossbow
Press: ? - help, Q - select action, (/) - cycle Shift-Dir - straight line, f/p - wyvern
Aim: a wyvern (severely wounded, 66% to hit)
You shoot a bolt. The bolt hits the wyvern.
The wyvern is almost dead.
The wyvern bites you! You block the wyvern's attack.
Shoot: a) +1 hand crossbow
Press: ? - help, Q - select action, (/) - cycle Shift-Dir - straight line, f/p - wyvern
Aim: a wyvern (almost dead, 66% to hit)
You shoot a bolt. The bolt hits the wyvern.
The wyvern is almost dead.
The wyvern bites you!
* * * LOW HITPOINT WARNING * * *
Shoot: a) +1 hand crossbow
Press: ? - help, Q - select action, (/) - cycle Shift-Dir - straight line, f/p - wyvern
Aim: a wyvern (almost dead, 66% to hit)
You shoot a bolt. The bolt barely misses the wyvern.
The wyvern bites you.
* * * LOW HITPOINT WARNING * * *
The wyvern bites you!
You die...

### #
.....#####.#
......l@<..#
.....#####.#
... # .


You could see a wyvern.

Vanquished Creatures
  A black bear (D:4)
  An ogre (D:4)
  Blork the orc (D:4)
  A necrophage (D:4)
  A scorpion (D:4)
  A hound (D:3)
  3 gnolls
  3 adders
  2 ufetubi (D:4)
  3 worms
  A dart slug (D:2)
  An orc (D:3)
  12 ball pythons
  8 endoplasms
  4 giant cockroaches
  2 goblins
  6 hobgoblins
  5 jackals
  5 quokkas
  4 bats
  3 frilled lizards
  6 kobolds
  4 rats (D:2)
78 creatures vanquished.

Notes
Turn   | Place    | Note
-------+----------+-------------------------------------------
     0 | D:1      | quokkamancerX the Human Hunter began the quest for the Orb.
     0 | D:1      | Reached XP level 1. HP: 16/16 MP: 1/1
   178 | D:1      | Reached XP level 2. HP: 22/22 MP: 2/2
   262 | D:1      | Found Exunajat's Assorted Antiques.
  1092 | D:1      | Reached XP level 3. HP: 10/27 MP: 3/3
  2260 | D:2      | Reached XP level 4. HP: 33/33 MP: 4/4
  2444 | D:3      | Noticed an ogre
  3169 | D:3      | Found a burning altar of Makhleb.
  3169 | D:3      | Noticed an Executioner
  3217 | D:3      | Noticed a hellwing
  3217 | D:3      | Noticed a ynoxinul
  3221 | D:3      | Became a worshipper of Makhleb the Destroyer
  3254 | D:3      | Reached XP level 5. HP: 33/38 MP: 5/5
  3476 | D:3      | Found a faded altar of an unknown god.
  3887 | D:4      | Noticed Blork the orc
  3939 | D:3      | Reached skill level 5 in Stealth
  4216 | D:4      | Reached skill level 5 in Crossbows
  4216 | D:4      | Reached XP level 6. HP: 27/44 MP: 6/6
  4647 | D:4      | Noticed a black bear
  4675 | D:4      | Killed a black bear
  4920 | D:4      | Killed Blork the orc
  4921 | D:4      | Reached skill level 6 in Crossbows
  4921 | D:4      | Reached XP level 7. HP: 50/50 MP: 7/7
  5134 | D:4      | Reached * piety under Makhleb
  5392 | D:4      | Reached skill level 7 in Crossbows
  5453 | D:5      | Entered Level 5 of the Dungeon
  5455 | D:5      | Noticed a wyvern
  5468 | D:5      | Slain by a wyvern

Illustrated notes

Levels and vault maps discovered:
D:1:      psy_arrival_terrarium, layout_basic, serial_shops,
          nicolae_shop_overgrown_old_shop, grunt_decor_junction
D:2:      layout_basic, minmay_vboxes
D:3:      layout_loops_corners, makhleb_altar_promises_db,
          shapermc_ecumenical_altar_mp_ritualfount, kennysheep_crisscross
D:4:      layout_basic, uniq_blork_the_orc
D:5:      lemuel_ratsnest, layout_basic, lemuel_round_altar,
          mainiacjoe_overflow_swirl, temple_green, uniq_ijyb

Skill      XL: |  1  2  3  4  5  6  7 |
---------------+----------------------+-----
Stealth        | 2 3 4 5 |  5.0
Crossbows      | 5 6 7 |  7.1
Fighting       | |  2.0
Dodging        | |  2.0

Action                   |  1- 3 |  4- 6 |  7- 9 || total
-------------------------+-------+-------+-------++-------
 Fire: Hand crossbow     |   109 |   140 |    38 ||   287
  Use: Scroll            |     1 |     7 |       ||     8
Armor: Leather armour    |    22 |    37 |     4 ||    63
Dodge: Dodged            |    55 |    64 |    17 ||   136
Block: Buckler           |    15 |    23 |     3 ||    41

Table legend: (Time is in decaauts)
 A = Elapsed time spent in this place.
 B = Non-inter-level travel time spent in this place.
 C = Inter-level travel time spent in this place.
 D = Time resting spent in this place.
 E = Time spent auto-exploring this place.
 F = Levels seen in this place.
 G = Mean time per level.
                   A        B        C        D        E       F      G
               +--------+--------+--------+--------+--------+-----+--------+
         Total |   5576 |   5290 |    286 |   1438 |   1696 |   5 | 1115.2 |
       Dungeon |   5576 |   5290 |    286 |   1438 |   1696 |   5 | 1115.2 |
               +--------+--------+--------+--------+--------+-----+--------+

Top non-repeatable levels by time:
     D:2: 1532 daAuts
     D:3: 1447 daAuts
     D:4: 1355 daAuts
     D:1: 1224 daAuts
     D:5: 16 daAuts
